 Dungeon Crawl Stone Soup version 0.21.1-1-g345015f (webtiles) character file.

39 inc the Conjurer (level 3, 14/14 HPs)
             Began as a Felid Wizard on Feb 28, 2018.
             Quit the game on level 4 of the Dungeon.
             The game lasted 00:05:49 (2700 turns).

inc the Conjurer (Felid Wizard)                     Turns: 2700, Time: 00:05:50

Health: 14/14      AC:  1    Str:  8    XL:     3   Next: 26%
Magic:  8/8        EV: 17    Int: 20    God:
Gold:   43         SH:  0    Dex: 14    Spells: 2/8 levels left
                                        Lives:  0   Deaths: 1

rFire    . . .     SeeInvis +   (weapon unavailable)
rCold    . . .     Gourm    .   (shield unavailable)
rNeg     . . .     Faith    .   (armour unavailable)
rPois    .         Spirit   .   (helmet unavailable)
rElec    .         Reflect  .   (cloak unavailable)
rCorr    .         Harm     .   (gloves unavailable)
MR       .....                  (boots unavailable)
Stlth    +++.......             (no amulet)
HPRegen  0.04/turn              g - +5 ring of strength
MPRegen  0.11/turn              h - ring of wizardry

@: quick
A: very small, no armour, no weapons or thrown items, stealth, claws 1, fangs 3,
see invisible, carnivore, speed 1, shaggy fur 1, slow metabolism 1, sharp paws
a: no special abilities


You were on level 4 of the Dungeon.
You were not hungry.

You visited 1 branch of the dungeon, and saw 4 of its levels.

You collected 43 gold pieces.

Inventory:

Jewellery
 g - a +5 ring of strength (left paw)
 h - a ring of wizardry (right paw)
Scrolls
 d - 2 scrolls of remove curse {unknown}
 e - a scroll of enchant armour {unknown}
 l - a scroll of enchant weapon {unknown}
Potions
 c - 2 potions of curing
 f - a potion of brilliance
 k - a potion of lignification
Books
 a - a book of Minor Magic

   Spells                             Type                      Level
   a - Magic Dart                     Conjuration                  1
   b - Blink                          Translocation                2
   c - Call Imp                       Summoning                    2
   d - Slow                           Hexes                        2
   e - Conjure Flame                  Conjuration/Fire             3
   f - Mephitic Cloud                 Conjuration/Poison/Air       3
Comestibles
 b - 8 rations


   Skills:
 - Level 2.6 Dodging
 - Level 2.6 Stealth
 - Level 3.0 Spellcasting
 + Level 3.8 Conjurations
 - Level 1.0 Summonings
   Level 1.5 Translocations


You had 2 spell levels left.
You knew the following spells:

 Your Spells              Type           Power        Failure   Level  Hunger
a - Magic Dart            Conj           ###.         1%          1    None
b - Call Imp              Summ           #.......     6%          2    ##.....
c - Mephitic Cloud        Conj/Pois/Air  #.......     11%         3    ###....


Dungeon Overview and Level Annotations

Branches:
Dungeon (4/15)
 Temple: D:4-7

Altars:
Trog
The Shining One

Annotations:
D:4 Natasha


Innate Abilities, Weirdness & Mutations

You cannot wear armour.
You are incapable of wielding weapons or throwing items.
Your paws allow you to move quietly. (Stealth)
You have sharp claws.
You have razor-sharp teeth.
You have supernaturally acute eyesight. (SInv)
You are carnivorous and can eat meat at any time.
You cover ground quickly.
You are covered in fur. (AC +1)
You have a slow metabolism.
Your sharp claws are effective at attacking unaware monsters.


Message History

It was a potion of agility.
You feel agile all of a sudden.
The orc wizard gestures wildly while chanting.
The orc wizard flickers and vanishes for a moment.
The phantom blinks!
The hound barely misses you.
The phantom blinks!
The hound bites you.
* * * LOW HITPOINT WARNING * * *
The hound barely misses you.
Found a ration.
A leopard gecko comes into view.
The leopard gecko hisses angrily.
The hound misses you.
Natasha, Servant of Life and Death comes into view.
The orc wizard gestures at you while chanting.
The magic dart hits you!
You die...
You are now level 3!
You rejoin the land of the living...
Unknown command.
Are you sure you want to abandon this character and quit the game? (Confirm with "yes".)

# # ####.# ...####
.....#. #.#
##.....#....?.. #.#
.......@....... #.#
.##.......#...... #.#
..........#......###.#
....##....#..........#
........# .........#
......#### #.....#####
####......#
#....#.(<.#
.####......#
#......##.#
........h...#
#....####.#


There were no monsters in sight!

Vanquished Creatures
  2 adders
  A dart slug (D:1)
  2 leopard geckos (D:2)
  An orc (D:3)
  A giant cockroach (D:1)
  3 goblins
  10 hobgoblins
  8 jackals
  8 bats
  2 frilled lizards (D:2)
  8 kobolds
  6 rats
52 creatures vanquished.

Vanquished Creatures (collateral kills)
  An adder (D:3)
  An orc (D:3)
  A bat (D:3)
3 creatures vanquished.

Grand Total: 55 creatures vanquished

Notes
Turn   | Place    | Note
-------+----------+-------------------------------------------
     0 | D:1      | inc the Felid Wizard began the quest for the Orb.
     0 | D:1      | Reached XP level 1. HP: 7/7 MP: 5/5
   129 | D:1      | Reached skill level 1 in Conjurations
   439 | D:1      | Reached XP level 2. HP: 11/11 MP: 4/7
   998 | D:2      | Found a glowing golden altar of the Shining One.
  1113 | D:2      | Reached XP level 3. HP: 14/14 MP: 4/8
  1241 | D:2      | Found a bloodstained altar of Trog.
  1750 | D:1      | Learned a level 2 spell: Call Imp
  1754 | D:1      | Learned a level 3 spell: Mephitic Cloud
  2063 | D:2      | You fall through a shaft for 2 floors!
  2064 | D:4      | Noticed a phantom
  2155 | D:4      | Noticed a phantom
  2398 | D:3      | Reached XP level 4. HP: 18/18 MP: 7/9
  2699 | D:4      | Noticed Natasha
  2699 | D:4      | Killed from afar by an orc wizard
  2700 | D:4      | Reached XP level 3. HP: -4/14 MP: 5/8
  2700 | D:4      | Quit the game

Skill      XL: |  1  2  3 |
---------------+----------+-----
Conjurations   | 1 2 3 |  3.8
Dodging        | |  2.6
Stealth        | |  2.6
Spellcasting   | |  3.0
Summonings     | |  1.0
Translocations | |  1.5

Action                   |  1- 3 |  4- 6 || total
-------------------------+-------+-------++-------
Melee: Unarmed           |     3 |       ||     3
 Cast: Magic Dart        |   123 |    13 ||   136
       Call Imp          |     1 |     8 ||     9
  Use: Scroll            |       |     3 ||     3
       Potion            |       |     1 ||     1
  Eat: Chunk             |     4 |     2 ||     6
Armor: Skin              |     1 |       ||     1
Dodge: Dodged            |    24 |    14 ||    38
